 Dungeon Crawl Stone Soup version 0.25.1-2-g60ff931df9 (webtiles) character file.

Game seed: 10956820953604928281

37 HawFromDerth the Insei (level 3, 0/26 HPs)
             Began as a Human Transmuter on Sept 21, 2020.
             Slain by Natasha (2 damage)
             ... on level 2 of the Dungeon.
             The game lasted 00:03:22 (1766 turns).

HawFromDerth the Insei (Human Transmuter)           Turns: 1766, Time: 00:03:23

Health: 0/26       AC:  5    Str: 11    XL:     3   Next: 60%
Magic:  6/6        EV: 11    Int: 13    God:
Gold:   42         SH:  0    Dex: 13    Spells: 6/7 levels left

rFire    . . .     SeeInvis .   n - +1 mace
rCold    . . .     Gourm    .   (no shield)
rNeg     . . .     Faith    .   o - +0 ring mail
rPois    .         Spirit   .   (no helmet)
rElec    .         Reflect  .   (no cloak)
rCorr    .         Harm     .   (no gloves)
MR       .....                  (boots currently unavailable)
Stlth    +.........             (no amulet)
HPRegen  0.08/turn              (no ring)
MPRegen  0.10/turn              (no ring)

@: appendage (expiring)
A: talons 3
a: End Transformation


You were on level 2 of the Dungeon.
You were not hungry.
You had grown temporary talons.
You visited 1 branch of the dungeon, and saw 2 of its levels.

You collected 42 gold pieces.

Inventory:

Hand Weapons
 n - a +1 mace (weapon)
Missiles
 a - 12 arrows
Armour
 o - a +0 ring mail (worn)
Jewellery
 b - an uncursed ring of positive energy {unknown}
 j - a cursed ring of teleportation
Scrolls
 c - a scroll of amnesia {unknown}
 e - a scroll of identify
 l - a scroll of teleportation {unknown}
Potions
 f - 2 potions of stabbing {unknown}
 h - a potion of curing {unknown}
 i - a potion of degeneration {unknown}
 k - a potion of might {unknown}
Comestibles
 d - a ration
 g - 3 chunks of flesh


   Skills:
 + Level 1.0 Fighting
 + Level 0.3 Maces & Flails
 + Level 0.4 Armour
 + Level 2.3 Dodging
 + Level 0.3 Stealth
 + Level 3.0 Unarmed Combat
 + Level 2.5 Spellcasting
 + Level 2.5 Transmutations


You had 6 spell levels left.
You knew the following spells:

 Your Spells              Type           Power        Failure   Level  Hunger
a - Beastly Appendage     Tmut           #.....       21%         1    #......

Your spell library contained the following spells:

 Spells                   Type           Power        Failure   Level  Hunger
 Sticks to Snakes         Tmut           #.......     30%         2    ###....
 Spider Form              Tmut/Pois      #.........   71%         3    ###....
 Ice Form                 Ice/Tmut       #.......     98%         4    #####..
 Blade Hands              Tmut           #.........   99%         5    ######.


Dungeon Overview and Level Annotations

Branches:
Dungeon (2/15)

Altars:

Annotations:
D:2 Natasha


Innate Abilities, Weirdness & Mutations

You have claws for feet.


Message History

The magic dart hits you.
You closely miss Natasha. Natasha misses you.
The crimson imp laughs crazily.
The crimson imp blinks!
Natasha claws you but does no damage.
You thump Natasha! Your kick misses Natasha.
Natasha is heavily wounded.
Your transformation is almost over.
Natasha casts a spell at you. The magic dart hits you!
You are too injured to fight recklessly!
You hit Natasha.
Natasha is severely wounded.
Natasha casts a spell at you. The magic dart hits you!
* * * LOW HITPOINT WARNING * * *
The crimson imp blinks!
You closely miss Natasha. You claw Natasha.
Natasha is almost dead.
Natasha misses you. Natasha claws you.
You die...

#.# #######
#.# ..>....
#.# .####
#.# .# #!#
.# #.# .#
#h# .# #@#
.# #ยง#
.### #.#
.... #.#
.#### ##5#
.####
#######.#.#
.....
...##.###.#
#### #.#.##
#.# # #..##
#.#


You could see Natasha and a crimson imp (summoned).

Vanquished Creatures
  A worm (D:2)
  2 dart slugs (D:2)
  A giant cockroach (D:2)
  A goblin (D:1)
  2 hobgoblins
  2 quokkas (D:2)
  6 bats
  5 frilled lizards
  6 kobolds (D:1)
  5 rats
31 creatures vanquished.

Notes
Turn   | Place    | Note
-------+----------+-------------------------------------------
     0 | D:1      | HawFromDerth the Human Transmuter began the quest for the
                  | Orb.
     0 | D:1      | Reached XP level 1. HP: 15/15 MP: 3/3
   262 | D:1      | Reached XP level 2. HP: 19/21 MP: 3/5
  1194 | D:2      | Reached XP level 3. HP: 22/26 MP: 6/6
  1755 | D:2      | Noticed Natasha
  1766 | D:2      | Slain by Natasha

Illustrated notes

Levels and vault maps discovered:
D:1:      psy_arrival_radial01, layout_rooms, chequers_arboretum
D:2:      minmay_angry_zag, layout_loops_ring, uniq_crazy_yiuf_cottage,
          uniq_natasha

Action                   || total
-------------------------++-------
Melee: Unarmed           ||    71
       Headbutt          ||     9
       Mace              ||    44
       Kick              ||     4
 Cast: Beastly Appendage ||    19
  Use: Scroll            ||     5
  Eat: Chunk             ||     3
Armor: Robe              ||    11
       Ring mail         ||    42
Dodge: Dodged            ||   120
